 Dungeon Crawl Stone Soup version 0.32-a0-422-g28b100f618 (webtiles) character file.

Game seed: 733442704278835827

7 Bravepunisher the Ducker (level 1, -3/11 HPs)
             Began as a Spriggan Monk on Feb 21, 2024.
             Slain by an iguana (11 damage)
             ... on level 5 of the Dungeon.
             The game lasted 00:02:03 (640 turns).

Bravepunisher the Ducker (Spriggan Monk)             Turns: 640, Time: 00:02:04

Health: -3/11      AC:  2    Str:  7    XL:     1   Next: 91%
Magic:  2/2        EV: 19    Int: 11    God:
Gold:   44         SH:  0    Dex: 17    Spells: 0/0 levels left

rFire   . . .        a - +0 short sword
rCold   . . .        (no shield)
rNeg    . . .        b - +0 robe
rPois   .            (helmet restricted)
rElec   .            (no cloak)
rCorr   .            (gloves unavailable)
SInv    +            (boots unavailable)
Will    .....        (no amulet)
Stlth   ++           (no ring)
HPRegen 0.21/turn    (no ring)
MPRegen 0.08/turn

%: no passive effects
@: very quick
A: very small, no large weapons, unfitting armour, see invisible, speed 3
a: no special abilities


You were on level 5 of the Dungeon.
You visited 1 branch of the dungeon, and saw 5 of its levels.

You collected 44 gold pieces.

Inventory:

Hand Weapons
 a - a +0 short sword (weapon)
Armour
 b - a +0 robe (worn)
Scrolls
 e - a scroll of vulnerability {unknown}
Potions
 c - 2 potions of ambrosia
 d - 2 potions of curing {unknown}


   Skills:
 + Level 2.5 Fighting
 - Level 3.2 Short Blades
 * Level 4.5 Dodging


You couldn't memorise any spells.
You didn't know any spells.
Your spell library was empty.

Dungeon Overview and Level Annotations

Branches:
Dungeon (5/15)
 Temple: D:4-7

Altars:
Dithmenos

Annotations:
D:2 Jessica
D:4 Dowan, Duvessa


Innate Abilities, Weirdness & Mutations

You are very small and have problems with some larger weapons.
You are too small for most types of armour.
You have supernaturally acute eyesight. (SInv)
You cover ground extremely quickly. (Speed+++)


Message History

You hit the hobgoblin.
The hobgoblin is almost dead.
You hit the hobgoblin.
You kill the hobgoblin!
You start resting.
HP restored.
Dowan, Brother of Duvessa comes into view.
He is wielding a +0 dagger.
Dowan moves out of view.
Duvessa, Sister of Dowan comes into view.
She is wielding a +0 short sword and wearing a +3 chain mail of cold resistance.
Duvessa shouts!
Dowan casts a spell at you. The puff of frost misses you.
Found a shiny bronze wand.
An adder comes into view.
Found a book of Burglary.
Dowan casts a spell at you. The puff of flame hits you!
Ouch! That really hurt!
The adder hisses angrily.
Dowan casts a spell at you.
You are outlined in light.
The adder misses you.
Found a cabochon ring.
The adder attacks as it pursues you! The adder misses you.
A ball python comes into view.
The ball python hisses angrily.
Found a flail, a hand axe and 15 gold pieces.
You see here a ring of protection from fire.
Found a stone staircase leading down.
Found a scroll labelled REYNIN KUATT.
There is a stone staircase leading down here.
You climb downwards.
Found a ring mail and a scroll labelled NOLUNA HABB.
There is a stone staircase leading up here.
You are no longer glowing.
An iguana comes into view.
The iguana hisses angrily.
Found 3 stones.
Found a shadowy altar of Dithmenos.
The iguana bites you!
Ouch! That really hurt!
You die...

#..<.5[.?..
#.#########
#.# #5# #
#.# #. #5#
#..####.##
#....l...#
#....@...#
§§...#####.#
§§.. ... §§
.### .# ##


You could see an iguana and an ufetubus.

Vanquished Creatures
  A bat (D:3)
  A goblin (D:1)
  A hobgoblin (D:4)
  A frilled lizard (D:1)
4 creatures vanquished.

Notes
Turn   | Place    | Note
-------+----------+-------------------------------------------
     0 | D:1      | Bravepunisher the Spriggan Monk began the quest for the
                  | Orb.
     0 | D:1      | Reached XP level 1. HP: 11/11 MP: 2/2
   296 | D:2      | Noticed Jessica
   483 | D:3      | Noticed a bombardier beetle
   525 | D:4      | Noticed an orc wizard
   603 | D:4      | Noticed Dowan
   604 | D:4      | Noticed Duvessa
   631 | D:5      | Entered Level 5 of the Dungeon
   638 | D:5      | Noticed an iguana
   640 | D:5      | Found a shadowy altar of Dithmenos.
   640 | D:5      | Slain by an iguana

Illustrated notes

Levels and vault maps discovered:
D:1:      dpeg_arrival_triangle_fractal, layout_basic, minivault_25
D:2:      layout_rooms, uniq_sigmund, uniq_jessica
D:3:      layout_basic, mainiacjoe_overflow_cross_hatched
D:4:      layout_basic, nrook_uturn, uniq_eustachio, uniq_duvessa
D:5:      layout_loops_ring, grunt_dithmenos_smoke,
          minmay_temple_entry_proselytizer, dreamdust_princess_bridge,
          kennysheep_generic_room_16

Action                     || total
---------------------------++-------
  Melee: Short sword       ||    20
 Armour: Robe              ||    13
  Dodge: Dodged            ||    29

Table legend: (Time is in decaauts)
 A = Elapsed time spent in this place.
 B = Non-inter-level travel time spent in this place.
 C = Inter-level travel time spent in this place.
 D = Time resting spent in this place.
 E = Time spent auto-exploring this place.
 F = Levels seen in this place.
 G = Mean time per level.
                   A        B        C        D        E       F      G
               +--------+--------+--------+--------+--------+-----+--------+
         Total |    407 |    407 |      0 |     20 |    164 |   5 |   81.4 |
       Dungeon |    407 |    407 |      0 |     20 |    164 |   5 |   81.4 |
               +--------+--------+--------+--------+--------+-----+--------+

Top non-repeatable levels by time:
     D:1: 179 daAuts
     D:3: 115 daAuts
     D:4: 73 daAuts
     D:2: 34 daAuts
     D:5: 5 daAuts
